3AAA
HIALEAH DODOS @ CALGARY LYNX
09/07/2019
 
TOP OF THE 1ST
Hialeah Dodos batting - Pitching for Calgary Lynx : RHP Jason Ackerman
Pitching: RHP Jason Ackerman
Batting: RHB Herman Cook 0-0: Ball
1-0: Swinging Strike
1-1: Fly out, F7 (Flyball, 78S)
Batting: RHB Peter Baker 0-0: SINGLE (Groundball, 6D) (infield hit)
Batting: RHB Ed Lee 0-0: Ball
1-0: Foul Ball, location: 2F
1-1: Ball
2-1: Swinging Strike
2-2: Fly out, F6 (Popup, 6D)
Batting: RHB Joe Andrews 0-0: Ball
1-0: Ball
2-0: Ball
3-0: Base on Balls
Peter Baker to second
Batting: RHB Ramón Gómez 0-0: Ball
1-0: Fielders Choice at 2nd, 5-4 (Groundball, 56)
Top of the 1st over - 0 run(s), 1 hit(s), 0 error(s), 1 left on base; Hialeah 0 - Calgary 0
BOTTOM OF THE 1ST
Calgary Lynx batting - Pitching for Hialeah Dodos : RHP José Guzmán
Pitching: RHP José Guzmán
Batting: RHB Darren Tomlinson 0-0: Ground out 4-3 (Groundball, 13)
Batting: SHB Tom Craft 0-0: Ball
1-0: Foul Ball, location: 2F
1-1: Swinging Strike
1-2: Ball
2-2: Fly out, F5 (Popup, 5SF)
Batting: LHB Gilbert Davis 0-0: Ball
1-0: Ground out 5-3 (Groundball, 56S)
Bottom of the 1st over - 0 run(s), 0 hit(s), 0 error(s), 0 left on base; Hialeah 0 - Calgary 0
TOP OF THE 2ND
Hialeah Dodos batting - Pitching for Calgary Lynx : RHP Jason Ackerman
Batting: RHB Ji-chol Yang 0-0: Swinging Strike
0-1: Ball
1-1: Foul Ball, location: 2F
1-2: Ball
2-2: Fly out, F7 (Line Drive, 7LD)
Batting: RHB Alvin Rogers 0-0: Ball
1-0: Called Strike
1-1: Ground out 4-3 (Groundball, 4)
Batting: LHB Jeremiah Spencer 0-0: Ball
1-0: Called Strike
1-1: SINGLE (Line Drive, 6D)
Batting: RHB Kelly Flint 0-0: Ball
1-0: Fly out, F5 (Line Drive, 5)
Top of the 2nd over - 0 run(s), 1 hit(s), 0 error(s), 1 left on base; Hialeah 0 - Calgary 0
BOTTOM OF THE 2ND
Calgary Lynx batting - Pitching for Hialeah Dodos : RHP José Guzmán
Batting: RHB Juan Sánchez 0-0: Ball
1-0: Ball
2-0: Ground out 5-3 (Groundball, 5S)
Batting: RHB David Nielsen 0-0: Ball
1-0: SOLO HOME RUN (Flyball, 78XD), Distance : 409 ft
Batting: SHB Vasco Paradela 0-0: Ball
1-0: Ball
2-0: Ball
3-0: Base on Balls
Batting: LHB Herman Gilliland 0-0: Swinging Strike
0-1: Ball
1-1: SINGLE (Line Drive, 56D)
Vasco Paradela to second
Batting: RHB Jim Browning 0-0: Ball
1-0: Ball
2-0: Ball
3-0: Called Strike
3-1: Fly out, F2 (Popup, 2LF)
Batting: RHB Curt Pope 0-0: Ball
1-0: Ball
2-0: Foul Ball, location: 2F
2-1: Swinging Strike
2-2: Strikes out swinging
Bottom of the 2nd over - 1 run(s), 2 hit(s), 0 error(s), 2 left on base; Hialeah 0 - Calgary 1
TOP OF THE 3RD
Hialeah Dodos batting - Pitching for Calgary Lynx : RHP Jason Ackerman
Batting: RHB Herman Cook 0-0: Called Strike
0-1: Swinging Strike
0-2: Ball
1-2: Strikes out looking
Pitching: RHP Henry Hart
Batting: RHB Peter Baker 0-0: Called Strike
0-1: Swinging Strike
0-2: Foul Ball, location: 2F
0-2: Ball
1-2: Ground out 5-3 (Groundball, 56)
Batting: RHB Ed Lee 0-0: Ball
1-0: Called Strike
1-1: Ball
2-1: Foul Ball, location: 2F
2-2: SINGLE (Groundball, 56S) (infield hit)
Batting: RHB Joe Andrews 0-0: Foul Ball, location: 2F
0-1: Foul Ball, location: 2F
0-2: Fly out, F9 (Flyball, 9D)
Top of the 3rd over - 0 run(s), 1 hit(s), 0 error(s), 1 left on base; Hialeah 0 - Calgary 1
BOTTOM OF THE 3RD
Calgary Lynx batting - Pitching for Hialeah Dodos : RHP José Guzmán
Batting: RHB Darren Tomlinson 0-0: Ball
1-0: Swinging Strike
1-1: Swinging Strike
1-2: Ball
2-2: Foul Ball, location: 2F
2-2: Ball
3-2: Fly out, F8 (Flyball, 8RM)
Batting: SHB Tom Craft 0-0: Called Strike
0-1: Ball
1-1: Ball
2-1: Called Strike
2-2: Ball
3-2: Foul Ball, location: 2F
3-2: Base on Balls
Batting: LHB Gilbert Davis 0-0: Called Strike
0-1: Ball
1-1: Ball
2-1: Swinging Strike
2-2: Strikes out swinging
Batting: RHB Juan Sánchez 0-0: Ball
1-0: Ball
2-0: Called Strike
2-1: Called Strike
2-2: Fly out, F9 (Flyball, 89M)
Bottom of the 3rd over - 0 run(s), 0 hit(s), 0 error(s), 1 left on base; Hialeah 0 - Calgary 1
TOP OF THE 4TH
Hialeah Dodos batting - Pitching for Calgary Lynx : RHP Henry Hart
Batting: RHB Ramón Gómez 0-0: Ball
1-0: Ball
2-0: Called Strike
2-1: Ball
3-1: Called Strike
3-2: Foul Ball, location: 2F
3-2: SINGLE (Groundball, 5D)
Batting: RHB Ji-chol Yang 0-0: Called Strike
0-1: Ball
1-1: Foul Ball, location: 2F
1-2: Ball
2-2: 2-RUN HOME RUN (Line Drive, 7LD), Distance : 366 ft
Batting: RHB Alvin Rogers 0-0: Called Strike
0-1: Ball
1-1: Ball
2-1: Ball
3-1: Foul Ball, location: 2F
3-2: SINGLE (Line Drive, 34)
Batting: LHB Jeremiah Spencer 0-0: Ball
1-0: Called Strike
1-1: Called Strike
1-2: Ball
2-2: Foul Ball, location: 2F
2-2: Fly out, F6 (Line Drive, 6MD)
Batting: RHB Kelly Flint 0-0: Foul Ball, location: 2F
0-1: Ball
1-1: Ball
2-1: Ball
3-1: Swinging Strike
3-2: Grounds into double play, 1-6-3 (Groundball, 15)
Top of the 4th over - 2 run(s), 3 hit(s), 0 error(s), 0 left on base; Hialeah 2 - Calgary 1
BOTTOM OF THE 4TH
Calgary Lynx batting - Pitching for Hialeah Dodos : RHP José Guzmán
Batting: RHB David Nielsen 0-0: Called Strike
0-1: Called Strike
0-2: SINGLE (Groundball, 34D)
Batting: SHB Vasco Paradela 0-0: 2-RUN HOME RUN (Line Drive, 9D), Distance : 363 ft
Batting: LHB Herman Gilliland 0-0: Called Strike
0-1: Ball
1-1: SINGLE (Groundball, 4MD)
Batting: RHB Jim Browning 0-0: Called Strike
0-1: Ball
1-1: Called Strike
1-2: Ball
2-2: Ball
3-2: Strikes out swinging
Batting: RHB Curt Pope 0-0: Foul Ball, location: 2F
0-1: Ball
1-1: Swinging Strike
1-2: Fly out, F5 (Popup, 5L)
Batting: RHB Darren Tomlinson 0-0: Called Strike
0-1: Foul Ball, location: 2F
0-2: Ball
1-2: Ball
2-2: Ground out 6-3 (Groundball, 6)
Bottom of the 4th over - 2 run(s), 3 hit(s), 0 error(s), 1 left on base; Hialeah 2 - Calgary 3
TOP OF THE 5TH
Hialeah Dodos batting - Pitching for Calgary Lynx : RHP Henry Hart
Batting: RHB Herman Cook 0-0: Foul Ball, location: 2F
0-1: Foul Ball, location: 2F
0-2: Ball
1-2: Foul Ball, location: 2F
1-2: Foul Ball, location: 2F
1-2: Ball
2-2: Ball
3-2: Fly out, F5 (Popup, 5F)
Batting: RHB Peter Baker 0-0: Ball
1-0: Ball
2-0: Foul Ball, location: 2F
2-1: Foul Ball, location: 2F
2-2: Ground out 4-3 (Groundball, 4)
Pitching: RHP Jeffrey Mack
Batting: RHB Ed Lee 0-0: Ball
1-0: Called Strike
1-1: Foul Ball, location: 2F
1-2: Ball
2-2: Ball
3-2: Strikes out swinging
Top of the 5th over - 0 run(s), 0 hit(s), 0 error(s), 0 left on base; Hialeah 2 - Calgary 3
BOTTOM OF THE 5TH
Calgary Lynx batting - Pitching for Hialeah Dodos : RHP José Guzmán
Batting: SHB Tom Craft 0-0: Foul Ball, location: 2F
0-1: Called Strike
0-2: Ball
1-2: Foul Ball, location: 2F
1-2: Ball
2-2: Ball
3-2: Base on Balls
Batting: LHB Gilbert Davis 0-0: Ball
1-0: Ball
Passed Ball!
Tom Craft to second
2-0: Called Strike
2-1: Swinging Strike
2-2: Ball
3-2: Fly out, F8 (Flyball, 8LD)
Runner from 2nd tags up, SAFE at 3rd with throw
Batting: RHB Juan Sánchez 0-0: Ball
1-0: Ball
2-0: Ball
3-0: Called Strike
3-1: Called Strike
3-2: Base on Balls
Batting: RHB David Nielsen 0-0: Ball
1-0: Called Strike
1-1: Ball
2-1: Ball
3-1: Called Strike
3-2: Base on Balls
Juan Sánchez to second
Batting: SHB Vasco Paradela 0-0: Foul Ball, location: 2F
0-1: Ball
1-1: Called Strike
1-2: Foul Ball, location: 2F
1-2: Foul Ball, location: 2F
1-2: Ground out 3-1 (Groundball, 34)
Tom Craft scores
Juan Sánchez to third
David Nielsen to second
Batting: LHB Herman Gilliland 0-0: Called Strike
0-1: Fly out, F8 (Flyball, 8LD)
Bottom of the 5th over - 1 run(s), 0 hit(s), 0 error(s), 2 left on base; Hialeah 2 - Calgary 4
TOP OF THE 6TH
Hialeah Dodos batting - Pitching for Calgary Lynx : RHP Jeffrey Mack
Batting: RHB Joe Andrews 0-0: Called Strike
0-1: Ball
1-1: Swinging Strike
1-2: Strikes out looking
Batting: RHB Ramón Gómez 0-0: Foul Ball, location: 2F
0-1: Ball
1-1: Called Strike
1-2: Strikes out swinging
Batting: RHB Ji-chol Yang 0-0: Ball
1-0: Ball
2-0: Foul Ball, location: 2F
2-1: Ball
3-1: Called Strike
3-2: Foul Ball, location: 2F
3-2: Foul Ball, location: 2F
3-2: SOLO HOME RUN (Flyball, 7D), Distance : 399 ft
Batting: RHB Alvin Rogers 0-0: Ball
1-0: Foul Ball, location: 2F
1-1: Foul Ball, location: 2F
1-2: Strikes out swinging
Top of the 6th over - 1 run(s), 1 hit(s), 0 error(s), 0 left on base; Hialeah 3 - Calgary 4
BOTTOM OF THE 6TH
Calgary Lynx batting - Pitching for Hialeah Dodos : RHP José Guzmán
Batting: RHB Jim Browning 0-0: Called Strike
0-1: Ground out 6-3 (Groundball, 56)
Batting: RHB Curt Pope 0-0: Foul Ball, location: 2F
0-1: Ball
1-1: Called Strike
1-2: Strikes out swinging
Batting: RHB Darren Tomlinson 0-0: Called Strike
0-1: Foul Ball, location: 2F
0-2: Fly out, F8 (Flyball, 78S)
Bottom of the 6th over - 0 run(s), 0 hit(s), 0 error(s), 0 left on base; Hialeah 3 - Calgary 4
TOP OF THE 7TH
Hialeah Dodos batting - Pitching for Calgary Lynx : RHP Jeffrey Mack
Batting: LHB Jeremiah Spencer 0-0: Fly out, F7 (Flyball, 7D)
Batting: RHB Kelly Flint 0-0: Called Strike
0-1: Ball
1-1: SINGLE (Line Drive, 7S)
Batting: RHB Herman Cook 0-0: Ball
1-0: Swinging Strike
1-1: Hit by Pitch
Kelly Flint to second
Batting: RHB Peter Baker 0-0: Ball
Passed Ball!
Kelly Flint to third
Herman Cook to second
1-0: Called Strike
1-1: Ball
2-1: Foul Ball, location: 2F
2-2: Foul Ball, location: 2F
2-2: Foul Ball, location: 2F
2-2: Foul Ball, location: 2F
2-2: Foul Ball, location: 2F
2-2: Ball
3-2: Base on Balls
Pitching: RHP Joel Harris
Pinch Hitting: RHB José Bravo 0-0: SINGLE (Flyball, 7S)
Kelly Flint scores
Herman Cook to third
Peter Baker to second
Runner from 3rd tries for Home, SAFE, no throw or cutoff
Batting: RHB Joe Andrews 0-0: Ball
1-0: Foul Ball, location: 2F
1-1: Swinging Strike
1-2: Grounds into double play, 6-4-3 (Groundball, 6)
Top of the 7th over - 2 run(s), 2 hit(s), 0 error(s), 1 left on base; Hialeah 5 - Calgary 4
BOTTOM OF THE 7TH
Calgary Lynx batting - Pitching for Hialeah Dodos : RHP José Guzmán
Pitching: RHP Gary Williams
Now in LF: Luis Trujillo
Batting: SHB Tom Craft 0-0: SINGLE (Line Drive, 7LS)
Pitching: LHP Ben Flowers
Pinch Hitting: RHB Luis Fierro 0-0: Ball
1-0: Swinging Strike
1-1: Ball
2-1: Swinging Strike
2-2: Strikes out swinging
Pitching: RHP Keith Blanton
Batting: RHB Juan Sánchez 0-0: Ball
1-0: Swinging Strike
1-1: Fielders Choice at 2nd, 3-6 (Groundball, 3)
Batting: RHB David Nielsen 0-0: Ball
1-0: Ball
2-0: Ball
3-0: Foul Ball, location: 2F
3-1: Base on Balls
Juan Sánchez to second
Batting: SHB Vasco Paradela 0-0: Ball
1-0: Ball
2-0: Ball
3-0: Called Strike
3-1: Called Strike
3-2: Strikes out swinging
Bottom of the 7th over - 0 run(s), 1 hit(s), 0 error(s), 2 left on base; Hialeah 5 - Calgary 4
TOP OF THE 8TH
Hialeah Dodos batting - Pitching for Calgary Lynx : RHP Joel Harris
Now at 3B: Luis Fierro
Batting: RHB Ramón Gómez 0-0: Ball
1-0: Ball
2-0: Swinging Strike
2-1: SINGLE (Line Drive, 6MD)
Pinch Hitting: SHB Daryl Moore 0-0: Ball
Ramón Gómez steals 2nd base
1-0: Intentional Walk
Batting: RHB Alvin Rogers 0-0: Ball
1-0: Ball
2-0: Called Strike
2-1: Fly out, F7 (Flyball, 7M)
Batting: LHB Jeremiah Spencer 0-0: Swinging Strike
0-1: Called Strike
Daryl Moore is caught stealing 2nd base
0-2: Foul Ball, location: 2F
0-2: Fly out, F7 (Flyball, 78M)
Top of the 8th over - 0 run(s), 1 hit(s), 0 error(s), 1 left on base; Hialeah 5 - Calgary 4
BOTTOM OF THE 8TH
Calgary Lynx batting - Pitching for Hialeah Dodos : RHP Keith Blanton
Now in LF: José Alvia
Batting: LHB Herman Gilliland 0-0: Ground out 6-3 (Groundball, 6)
Batting: RHB Jim Browning 0-0: Ball
1-0: Called Strike
1-1: Ground out 6-3 (Groundball, 6MS)
Batting: RHB Curt Pope 0-0: Ball
1-0: Called Strike
1-1: Swinging Strike
1-2: Strikes out swinging
Bottom of the 8th over - 0 run(s), 0 hit(s), 0 error(s), 0 left on base; Hialeah 5 - Calgary 4
TOP OF THE 9TH
Hialeah Dodos batting - Pitching for Calgary Lynx : RHP Joel Harris
Pitching: RHP Francisco García
Batting: RHB Kelly Flint 0-0: Ball
1-0: Foul Ball, location: 2F
1-1: Ball
2-1: Fly out, F9 (Flyball, 9LM)
Batting: RHB Herman Cook 0-0: DOUBLE (Line Drive, 7LS)
Batting: RHB Peter Baker 0-0: Intentional Walk
Pinch Hitting: RHB Brian King 0-0: Fly out, F9 (Flyball, 89M)
Batting: RHB Joe Andrews 0-0: Ball
1-0: Ball
2-0: Ball
3-0: Base on Balls
Herman Cook to third
Peter Baker to second
Batting: RHB Ramón Gómez 0-0: Called Strike
0-1: Ball
1-1: SINGLE (Line Drive, 8LS)
Herman Cook scores
Peter Baker to third
Joe Andrews to second
Runner from 3rd tries for Home, SAFE, no throw or cutoff
Batting: LHB José Alvia 0-0: Foul Ball, location: 2F
0-1: Foul Ball, location: 2F
0-2: SINGLE (Line Drive, 4MD)
Joe Andrews to third
Ramón Gómez to second
Runner from 3rd tries for Home, SAFE, no throw or cutoff
Pitching: RHP Mike Salazar
Batting: RHB Alvin Rogers 0-0: Ball
1-0: Foul Ball, location: 2F
1-1: Fielders Choice at 2nd, U6 (Groundball, 6M)
Top of the 9th over - 3 run(s), 3 hit(s), 0 error(s), 2 left on base; Hialeah 8 - Calgary 4
BOTTOM OF THE 9TH
Calgary Lynx batting - Pitching for Hialeah Dodos : RHP Keith Blanton
Now at 3B: Brian King
Batting: RHB Darren Tomlinson 0-0: Foul Ball, location: 2F
0-1: Called Strike
0-2: DOUBLE (Line Drive, 78M)
Batting: SHB Tom Craft 0-0: Ball
1-0: Fly out, F8 (Line Drive, 8RM)
Batting: RHB Luis Fierro 0-0: 2-RUN HOME RUN (Flyball, 78XD), Distance : 411 ft
Pitching: RHP Robinson Gonzáles
Batting: RHB Juan Sánchez 0-0: Foul Ball, location: 2F
0-1: Ball
1-1: Ball
2-1: Foul Ball, location: 2F
2-2: Foul Ball, location: 2F
2-2: Ball
3-2: Base on Balls
Batting: RHB David Nielsen 0-0: Called Strike
0-1: Ball
1-1: SINGLE (Line Drive, 4MD)
Juan Sánchez to second
Batting: SHB Vasco Paradela 0-0: Ball
1-0: Called Strike
1-1: Called Strike
1-2: Strikes out swinging
Pinch Runner at 2nd Dave Harris:
Batting: LHB Herman Gilliland 0-0: Ball
1-0: Swinging Strike
1-1: Called Strike
1-2: Fly out, F7 (Flyball, 7M)
Bottom of the 9th over - 2 run(s), 3 hit(s), 0 error(s), 2 left on base; Hialeah 8 - Calgary 6
This league is powered by Out of the Park Baseball, the baseball management simulation game for PC, Mac and Linux
Saturday, July 25th, 2015 - OOTP Baseball 15.6 Build 34